 Dungeon Crawl Stone Soup version 0.21.1-1-g345015f (webtiles) character file.

154 KnuckleMuncher the Poker (level 5, -3/41 HPs)
             Began as a Merfolk Gladiator on Apr 18, 2018.
             Killed from afar by an orc wizard (8 damage)
             ... with a magic dart
             ... on level 3 of the Dungeon.
             The game lasted 00:15:36 (2180 turns).

KnuckleMuncher the Poker (Merfolk Gladiator)        Turns: 2180, Time: 00:15:36

Health: -3/41      AC:  9    Str: 14    XL:     5   Next: 35%
Magic:  5/5        EV:  8    Int:  7    God:
Gold:   55         SH:  0    Dex: 20    Spells: 4/4 levels left

rFire    . . .     SeeInvis .   a - +0 trident
rCold    . . .     Gourm    .   (no shield)
rNeg     . . .     Faith    .   i - +0 chain mail
rPois    .         Spirit   .   h - +0 helmet
rElec    .         Reflect  .   (no cloak)
rCorr    .         Harm     .   (no gloves)
MR       .....                  (no boots)
Stlth    ..........             (no amulet)
HPRegen  0.13/turn              o - +3 ring of dexterity
MPRegen  0.09/turn              (no ring)

@: hasted, drained, very quick
A: change form in water, swift swim, stealthy swim
a: no special abilities


You were on level 3 of the Dungeon.
You were not hungry.

You visited 1 branch of the dungeon, and saw 3 of its levels.

You collected 55 gold pieces.

Inventory:

Hand Weapons
 a - a +0 trident (weapon)
 e - a cursed -2 club
 j - a +0 hand axe of freezing
 l - a +1 dagger of flaming
 t - a +0 hunting sling
 A - a +1 flail of draining
Missiles
 p - 11 arrows
 s - 100 stones (quivered)
Armour
 b - a +0 leather armour
 c - a +0 helmet
 h - a +0 helmet (worn)
 i - a +0 chain mail (worn)
 m - a cursed +0 scale mail
 n - a +0 ring mail
Jewellery
 o - a +3 ring of dexterity (left hand)
 v - a cursed ring of teleportation
Scrolls
 g - 2 scrolls of identify
 k - a scroll of blinking {unknown}
 q - a scroll of random uselessness {unknown}
 r - 2 scrolls of teleportation {unknown}
 w - 2 scrolls of enchant weapon {unknown}
 y - a scroll of amnesia {unknown}
Potions
 x - a potion of mutation {unknown}
Comestibles
 f - 4 rations
 z - 6 chunks of flesh


   Skills:
 + Level 3.2(2.7) Fighting
 + Level 6.9(6.5) Polearms
 + Level 2.3(1.9) Throwing
 + Level 1.0(0.6) Armour
 + Level 4.3(3.9) Dodging
 + Level 0.1(0.0) Stealth


You had 4 spell levels left.
You didn't know any spells.

Dungeon Overview and Level Annotations

Branches:
Dungeon (3/15)

Altars:
Wu Jian


Message History

It was a potion of haste.
You feel yourself speed up. The orc barely misses you. Something hits you.
Something hits you but does no damage.
Things that are here:
a club; a chain mail; an orc corpse You hear some strange, mumbled words.
A puff of frost appears from out of thin air!
The puff of frost hits you!
* * * LOW HITPOINT WARNING * * *
Found an ornate altar of the Wu Jian Council.
A puff of frost appears from out of thin air!
The puff of frost hits you!
* * * LOW HITPOINT WARNING * * *
Found a scroll labeled TEENTYSUBB.
Found a dented pearl amulet.
A puff of frost appears from out of thin air!
The puff of frost hits you!
A magic dart appears from out of thin air!
The magic dart hits you!
You die...

#............#
#..####o####.######
#.##.....##.#....#
##.#.......#{)....#
#..#.......#.#>#..#
###......_.....#.#)..
#....#.......#.#[#...
#.##.#.......#.#)#)..
#...@##.....##.)...##
#.##.####.####.#####
.. ... ........# #.#
##...###.##### #
##.## .# .# .# .#


There were no monsters in sight!

Vanquished Creatures
  An orc priest (D:3)
  An orc wizard (D:3)
  Robin (D:2)
  An adder (D:2)
  2 dart slugs (D:1)
  A leopard gecko (D:1)
  7 orcs (D:3)
  A ball python (D:1)
  7 bats
  A giant cockroach (D:2)
  19 goblins
  6 hobgoblins
  5 kobolds
  A quokka (D:2)
  A frilled lizard (D:1)
  4 rats
59 creatures vanquished.

Notes
Turn   | Place    | Note
-------+----------+-------------------------------------------
     0 | D:1      | KnuckleMuncher the Merfolk Gladiator began the quest for the Orb.
     0 | D:1      | Reached XP level 1. HP: 16/16 MP: 1/1
   503 | D:1      | Reached XP level 2. HP: 22/22 MP: 2/2
   660 | D:1      | Reached skill level 5 in Polearms
   859 | D:1      | Reached XP level 3. HP: 27/27 MP: 3/3
  1455 | D:2      | Noticed Robin
  1504 | D:2      | Reached XP level 4. HP: 27/34 MP: 4/4
  1575 | D:2      | Killed Robin
  1575 | D:2      | Reached skill level 6 in Polearms
  2083 | D:3      | Reached XP level 5. HP: 40/41 MP: 5/5
  2094 | D:3      | Reached skill level 1 in Armour
  2158 | D:3      | Found an ornate altar of the Wu Jian Council.
  2180 | D:3      | Killed from afar by an orc wizard

Skill      XL: |  1  2  3  4  5 |
---------------+----------------+-----
Polearms       | 5 6 |  6.9
Fighting       | 3 |  3.2
Armour         | 1 |  1.0
Throwing       | |  2.3
Dodging        | |  4.3
Stealth        | |  0.1

Action                   |  1- 3 |  4- 6 || total
-------------------------+-------+-------++-------
Melee: Trident           |   116 |   102 ||   218
Throw: Throwing net      |     4 |     5 ||     9
  Use: Potion            |     1 |     2 ||     3
       Scroll            |       |     3 ||     3
 Stab: Held in net/web   |       |     3 ||     3
  Eat: Chunk             |     2 |       ||     2
       Ration            |       |     1 ||     1
Armor: Chain mail        |    62 |    53 ||   115
Dodge: Dodged            |    42 |    30 ||    72
